Map: 2000 애트모스피어 - 래더

Players

IntoTheApfel

  • Race: Zerg Zerg
  • League: Master

Gemini - Winner!

  • Race: Protoss Protoss
  • League: Master

VOD

Have the link to the VOD?

Description

Time

  • Played on: Jan. 8, 2022, 3:58 a.m.
  • Length: 7:22
Show
View Real Time Build Order
Export as new Build Order

IntoTheApfel Zerg 

Build Orders: Hatch First 

Get SALT Encoding   

  12  0:00  Drone  
  13  0:12  Overlord  
  13  0:17  Drone  
  14  0:30  Drone  
  14  0:31  Drone  
  14  0:35  Drone  
  17  0:56  Drone  
  18  1:00  Hatchery  
  18  1:02  Drone  
  18  1:11  Spawning Pool  
  17  1:16  Extractor  
  17  1:17  Drone  
  17  1:18  Drone  
  18  1:28  Drone  
  19  1:39  Drone  
  20  1:49  Drone  
  21  2:07  Zergling x2  
  22  2:11  Queen  
  22  2:13  Hatchery  
  23  2:16  Queen  
  23  2:19  Metabolic Boost  
  25  2:25  Drone x2  
  27  2:34  Zergling x2  
  27  2:35  Overlord  
  28  2:56  Zergling x2  
  28  2:58  Zergling x2  
  30  3:01  Drone x4  
  34  3:20  Queen  
  34  3:35  Zergling x4  
  34  3:37  Drone  
  34  3:38  Drone x5  
  42  3:44  Spore Crawler  
  40  3:53  Spore Crawler  
  37  4:04  Overlord x2  
  36  4:10  Spore Crawler  
  36  4:12  Extractor  
  36  4:25  Drone x3  
  39  4:34  Zergling x2  
  39  4:35  Zergling x10  
  45  4:41  Queen x2, Evolution Chamber  
  45  4:43  Lair  
  46  5:01  Zergling x8  
  46  5:03  Overlord  
  46  5:04  Overlord  
  46  5:05  Overlord  
  46  5:06  Overlord  
  50  5:12  Zerg Melee Weapons Level 1  
  50  5:21  Drone  
  50  5:22  Drone x6  
  57  5:31  Drone  
  57  5:33  Drone  
  57  5:34  Drone  
  54  5:50  Baneling Nest  
  54  5:51  Queen x3  
  54  5:55  Zergling x2  
  54  5:56  Zergling x22  
  71  6:06  Extractor  
  71  6:10  Extractor  
  71  6:11  Drone x5  
  71  6:12  Zergling x6  
  77  6:34  Queen x2  
  77  6:37  Overlord x3  
  81  6:46  Overlord x2  
  81  6:50  Spire, Extractor  
  81  6:53  Extractor  
  80  6:54  Extractor  
  80  6:58  Drone x8  
Show
View Real Time Build Order
Export as new Build Order

Gemini Protoss - Winner!

Build Orders: 1 Gate Expand, Oracle Opening, Zealot Archon 

Get SALT Encoding   

  12  0:00  Probe  
  13  0:12  Probe  
  14  0:17  Pylon  
  14  0:24  Probe  
  15  0:36  Probe (Chrono Boost)  
  15  0:42  Gateway  
  16  0:45  Probe (Chrono Boost)  
  17  0:50  Assimilator  
  17  0:51  Probe (Chrono Boost)  
  18  1:03  Probe  
  19  1:15  Probe  
  20  1:26  Nexus  
  20  1:38  Cybernetics Core  
  20  1:40  Probe  
  21  1:48  Assimilator  
  21  1:52  Probe  
  22  2:00  Pylon  
  22  2:04  Probe  
  23  2:15  Probe, Warp Gate  
  23  2:16  Adept (Chrono Boost)  
  26  2:23  Probe  
  27  2:32  Probe  
  28  2:39  Probe, Adept (Chrono Boost)  
  28  2:40  Stargate  
  31  2:45  Probe  
  32  2:51  Probe  
  32  2:57  Probe  
  34  3:03  Probe, Adept  
  37  3:09  Probe  
  38  3:15  Probe  
  38  3:18  Void Ray (Chrono Boost)  
  38  3:19  Pylon  
  39  3:21  Probe  
  44  3:28  Probe  
  44  3:33  Probe  
  46  3:40  Probe, Gateway  
  47  3:45  Probe  
  48  3:52  Probe  
  49  3:57  Probe  
  49  3:59  Oracle (Chrono Boost)  
  51  4:15  Probe  
  51  4:16  Probe, Adept  
  53  4:19  Nexus  
  53  4:20  Pylon  
  53  4:21  Pylon  
  53  4:32  Assimilator, Void Ray  
  53  4:33  Assimilator  
  53  4:36  Twilight Council, Forge  
  57  4:38  Shield Battery  
  57  4:39  Zealot  
  57  4:40  Probe  
  60  4:47  Probe  
  60  4:50  Pylon  
  60  4:52  Probe  
  62  4:58  Protoss Ground Weapons Level 1 (Chrono Boost)  
  62  4:59  Probe, Charge (Chrono Boost)  
  63  5:04  Probe  
  64  5:11  Probe  
  64  5:12  Pylon  
  65  5:16  Probe, Gateway  
  65  5:19  Gateway  
  66  5:21  Gateway  
  66  5:24  Probe  
  67  5:28  Templar Archives  
  67  5:33  Probe x2  
  69  5:36  Probe  
  70  5:45  Zealot x2, Probe x2  
  76  5:53  Gateway  
  76  5:56  Gateway  
  76  5:57  Pylon  
  76  6:00  Probe x3, Gateway  
  79  6:09  High Templar x2  
  83  6:11  Pylon  
  83  6:12  Probe x3  
  83  6:14  Archon  
  83  6:17  Zealot  
  88  6:19  High Templar x2  
  88  6:23  Archon  
  88  6:24  Probe  
  93  6:32  Pylon x2, Assimilator  
  93  6:33  Assimilator  
  93  6:35  Pylon, Robotics Facility  
  93  6:39  Zealot  
  95  6:42  Probe x3  
  95  6:46  Zealot x2  
  102  6:48  Zealot  
  104  6:55  Zealot x4  
  104  7:00  Probe  
  107  7:15  Zealot x6  
  115  7:18  High Templar x2  
Tags
 
Add a new tag
Caveats
  • Supply blocks, unpowered buildings, or Contaminate may cause inaccurate times.
  • Supply counts are checked every 10 seconds.